 Dungeon Crawl Stone Soup version 0.22-a0-93-g6b88ebb (webtiles) character file.

146 Kavrick the Skirmisher (level 5, 0/42 HPs)
             Began as a Demonspawn Monk on Jan 24, 2018.
             Was a Believer of Ashenzari.
             Succumbed to an adder's poison
             ... on level 4 of the Dungeon.
             The game lasted 00:04:20 (3506 turns).

Kavrick the Skirmisher (Demonspawn Monk)            Turns: 3506, Time: 00:04:21

Health: 0/42       AC:  7    Str: 12    XL:     5   Next: 7%
Magic:  5/5        EV: 12    Int: 11    God:    Ashenzari [**....]
Gold:   196        SH:  0    Dex: 16    Spells: 4/4 levels left

rFire    . . .     SeeInvis .   p - +0 morningstar
rCold    . . .     Gourm    .   (no shield)
rNeg     . . .     Faith    .   h - +0 ring mail
rPois    .         Spirit   .   (helmet restricted)
rElec    .         Reflect  .   (no cloak)
rCorr    .         Harm     .   (no gloves)
MR       .....                  (no boots)
Stlth    +.........             (no amulet)
HPRegen  0.14/turn              (no ring)
MPRegen  0.09/turn              (no ring)

@: lethally poisoned (0 -> -2)
A: antennae 2, thin metallic scales 1
a: Curse Item, Scrying, Renounce Religion


You were on level 4 of the Dungeon.
You worshipped Ashenzari.
Ashenzari was pleased with you.
You were not hungry.

You visited 1 branch of the dungeon, and saw 4 of its levels.

You collected 196 gold pieces.

Inventory:

Hand Weapons
 p - a +0 morningstar (weapon)
Armour
 h - a +0 ring mail (worn)
Scrolls
 c - a scroll of enchant weapon {unknown}
 e - 3 scrolls of amnesia {unknown}
 g - 3 scrolls of identify {unknown}
 j - 2 scrolls of enchant armour {unknown}
 m - a scroll of blinking {unknown}
 o - a scroll of magic mapping {unknown}
 q - a scroll of remove curse
 r - a scroll of fog {unknown}
Potions
 a - a potion of mutation {unknown}
 d - a potion of haste {unknown}
 f - a potion of curing {unknown}
 i - a potion of ambrosia {unknown}
 k - a potion of might {unknown}
 l - a potion of berserk rage {unknown}
 n - a potion of lignification {unknown}
Comestibles
 b - 10 rations


   Skills:
 + Level 3.7 Fighting
 * Level 1.0 Maces & Flails
 + Level 1.7 Armour
 + Level 3.3 Dodging
 - Level 1.7 Stealth
 - Level 3.6 Unarmed Combat


You had 4 spell levels left.
You didn't know any spells.

Dungeon Overview and Level Annotations

Branches:
Dungeon (4/15)
 Temple: D:4-7

Altars:
Ashenzari
Elyvilon
Vehumet

Annotations:
D:3 Daviar's ghost, amateur DsGl
D:4 Kavrick's ghost, amateur GrFi


Innate Abilities, Weirdness & Mutations

You have a pair of antennae on your head.
You are partially covered in thin metallic scales. (AC +2)


Message History

* * * LOW HITPOINT WARNING * * *
You feel sick. The adder bites you.
* * * LOW HITPOINT WARNING * * *
You are lethally poisoned!
The adder poisons you!
* * * LOW HITPOINT WARNING * * *
You feel sick.
* * * LOW HITPOINT WARNING * * *
You feel sick. The adder barely misses you.
Kavrick's ghost says, "They lied to you.
The Dungeon just goes down and down forever."
* * * LOW HITPOINT WARNING * * *
You feel sick. The adder bites you.
* * * LOW HITPOINT WARNING * * *
* * * LOW HITPOINT WARNING * * *
You feel sick. The adder misses you.
* * * LOW HITPOINT WARNING * * *
You feel sick.
You die...

#.# #.#.# ###########
#.###.#.# #.........#
#.......#########
#.#######.#
#.###.####......# #.# #.#
###.###.#....####.###.#####
#.#
.............####.........#
#.#
.#######5....WS.#<.##.#.#.#
#.# .#*
#.....##.#..##.#.#.# #.# ..
##....##.@.....#.#.###.#
..# ##.#.......##.........#
..# #.......#.......#.#####
..#* #..####.#..........#
...
,,###..####.#.......#..#
...
.......##.........##.#### ,
#..#.##.........##...(# *
#...............#####.#
#.......(.......# #.#


You could see Kavrick's ghost and an adder.

Vanquished Creatures
  A worker ant (D:4)
  2 adders
  A gnoll (D:1)
  A worm (D:3)
  5 dart slugs
  A leopard gecko (D:3)
  An orc (D:3)
  2 ball pythons
  9 bats
  3 giant cockroaches
  10 goblins
  15 hobgoblins
  2 jackals (D:3)
  9 kobolds
  4 frilled lizards
  A jackal skeleton (D:4)
  A leopard gecko skeleton (D:4)
  6 rats
  A fungus (D:1)
75 creatures vanquished.

Notes
Turn   | Place    | Note
-------+----------+-------------------------------------------
     0 | D:1      | Kavrick the Demonspawn Monk began the quest for the Orb.
     0 | D:1      | Reached XP level 1. HP: 18/18 MP: 1/1
   151 | D:1      | Gained mutation: You have a pair of small antennae on your head. [demonic ancestry]
   151 | D:1      | Reached XP level 2. HP: 20/24 MP: 2/2
   788 | D:1      | Gained mutation: You are partially covered in thin metallic scales. (AC +2) [demonic ancestry]
   788 | D:1      | Reached XP level 3. HP: 26/29 MP: 3/3
   985 | D:1      | Found a shattered altar of Ashenzari.
  1025 | D:1      | Became a worshipper of Ashenzari the Shackled
  1025 | D:1      | Reached * piety under Ashenzari
  1025 | D:1      | Reached ** piety under Ashenzari
  1104 | D:1      | Reached skill level 1 in Armour
  1276 | D:2      | Found a white marble altar of Elyvilon.
  1521 | D:2      | Reached XP level 4. HP: 30/35 MP: 4/4
  2445 | D:3      | Found a radiant altar of Vehumet.
  2592 | D:3      | Noticed Daviar's ghost (amateur DsGl)
  2693 | D:4      | Reached skill level 1 in Maces & Flails
  2693 | D:4      | Gained mutation: You have a pair of antennae on your head. [demonic ancestry]
  2693 | D:4      | Reached XP level 5. HP: 23/42 MP: 5/5
  2748 | D:4      | Noticed Kavrick's ghost (amateur GrFi)
  3499 | D:4      | HP: 2/42 [adder (1)]
  3506 | D:4      | Succumbed to an adder's poison

Vault maps used:
D:1:      minmay_arrival_stair_chambers, minmay_gold_behind_fungi,
          nicolae_ashenzari_panopticon
D:2:      elyvilon_altar_5, minmay_surrounded
D:3:      old_standard_altar, first_ration
D:4:      temple_doors_e, minmay_liquid_box

Skill      XL: |  1  2  3  4 |
---------------+-------------+-----
Unarmed Combat | 3 |  3.6
Dodging        | 3 |  3.3
Armour         | 1 |  1.7
Maces & Flails | 1 |  1.0
Fighting       | |  3.7
Stealth        | |  1.7

Action                   |  1- 3 |  4- 6 || total
-------------------------+-------+-------++-------
Melee: Unarmed           |   192 |    71 ||   263
       Punch             |     1 |     1 ||     2
       Morningstar       |       |    66 ||    66
 Stab: Distracted        |       |     1 ||     1
       Sleeping          |       |     1 ||     1
  Eat: Chunk             |     2 |     4 ||     6
       Ration            |       |     1 ||     1
Armor: Robe              |    15 |       ||    15
       Ring mail         |    35 |    52 ||    87
Dodge: Dodged            |   124 |   151 ||   275

Table legend:
 A = Spawn XP
 B = Non-spawn XP
 C = Spawn XP percentage of total XP
 D = Spawn monster count
 E = Non-spawn monster count
 F = Spawn count percentage of total count
 G = Total turns spent on level
                    A         B        C        D         E        F      G
               +---------+---------+-------+---------+---------+-------+---------
         Total |       0 |     209 |   0.0 |       0 |      74 |   0.0 |  3506
               +---------+---------+-------+---------+---------+-------+---------
           D:1 |       0 |      62 |   0.0 |       0 |      25 |   0.0 |  1246
           D:2 |       0 |      51 |   0.0 |       0 |      21 |   0.0 |  1063
           D:3 |       0 |      59 |   0.0 |       0 |      23 |   0.0 |   869
           D:4 |       0 |      37 |   0.0 |       0 |       5 |   0.0 |   328
               +---------+---------+-------+---------+---------+-------+---------
